[Event "ICC tourney 2149 (70 10)"]
[Site "Internet Chess Club"]
[Date "2020.11.21"]
[Round "2"]
[White "Missyboo"]
[Black "karthikp"]
[Result "0-1"]
[ICCResult "White checkmated"]
[WhiteElo "1283"]
[BlackElo "1502"]
[Opening "Queen's pawn game"]
[ECO "D02"]
[NIC "QP.08"]
[Time "16:02:45"]
[TimeControl "4200+10"]

1. d4 d5 2. Nf3 Bf5 3. e3 Nf6 4. Nbd2 e6 5. c3 Nbd7 6. a4 a5 7. g3 Be7 8.
Bg2 c5 9. c4 Nb6 10. Qb3 O-O 11. O-O Qc7 12. Ne5 Rfc8 13. g4 Nxg4 14. Nxg4
Bxg4 15. e4 Be2 16. Re1 Bxc4 17. Nxc4 dxc4 18. Qc3 cxd4 19. Qxd4 Rd8 20. Qe3
Rd3 21. Qf4 Qxf4 22. Bxf4 Rc8 23. Bf1 Rd7 24. Rec1 Bf6 25. e5 Be7 26. Rc2
Rdc7 27. Bd2 Bb4 28. Bxb4 axb4 29. a5 Nd7 30. f4 g5 31. Rg2 h6 32. h4 c3 33.
bxc3 bxc3 34. Rc1 Rc5 35. a6 bxa6 36. Bxa6 Ra8 37. Bb7 Ra4 38. hxg5 hxg5 39.
Rxg5+ Kf8 40. Rg4 Nxe5 41. Rg5 Rxf4 42. Kg2 Rg4+ 43. Rxg4 Nxg4 44. Kg3 Ne5
45. Ba6 Ke7 46. Rc2 f5 47. Kf4 Kd6 48. Be2 Nc6 49. Ke3 e5 50. Rc1 f4+ 51.
Kf2 e4 52. Bd1 Ke5 53. Bc2 Nb4 54. Bxe4 Kxe4 55. Re1+ Kf5 56. Kf3 c2 57. Rh1
c1=Q 58. Rxc1 Rxc1 59. Kf2 Ke4 60. Ke2 f3+ 61. Kf2 Rc2+ 62. Kf1 Ke3 63. Kg1
f2+ 64. Kf1 Rc1+ 65. Kg2 f1=Q+ 66. Kg3 Qf5 67. Kg2 Rc8 68. Kg1 Rg8+ 69. Kh2
Qh7# {White checkmated} 0-1

[Event "ICC tourney 2149 (70 10)"]
[Site "Internet Chess Club"]
[Date "2020.11.21"]
[Round "2"]
[White "ClashofKings"]
[Black "MonoDubs"]
[Result "1-0"]
[ICCResult "Black checkmated"]
[WhiteElo "1569"]
[BlackElo "1346"]
[Opening "French: advance, Paulsen attack"]
[ECO "C02"]
[NIC "FR.03"]
[Time "16:02:50"]
[TimeControl "4200+10"]

1. e4 e6 2. d4 d5 3. e5 c5 4. c3 Nc6 5. Nf3 Qb6 6. a3 Bd7 7. b4 cxd4 8. cxd4
a6 9. Nc3 Rc8 10. Na4 Qc7 11. Nc5 Bxc5 12. bxc5 Nge7 13. Be3 Nf5 14. Rb1 Rb8
15. Rb6 Na7 16. a4 Nc8 17. Rb4 Nxe3 18. fxe3 a5 19. Rb1 b6 20. Qb3 Bc6 21.
Bb5 O-O 22. Bxc6 Qxc6 23. O-O h6 24. Rb2 Rd8 25. Rfb1 Qc7 26. Qb5 Qd7 27.
cxb6 Nxb6 28. Qa6 Qxa4 29. Rxb6 Rxb6 30. Rxb6 Qa1+ 31. Kf2 Qc3 32. Rb7 Qc2+
33. Qe2 Qa4 34. Qb5 Qc2+ 35. Qe2 Qa4 36. Qb2 Rc8 37. Rb8 Rxb8 38. Qxb8+ Kh7
39. Qb2 Qc4 40. Nd2 Qc7 41. Nb3 Qd8 42. g3 Qg5 43. Qc2+ g6 44. Nxa5 h5 45.
Nb3 h4 46. Nd2 hxg3+ 47. hxg3 Qh6 48. Nf3 Kg7 49. Qc1 g5 50. e4 g4 51. Qxh6+
Kxh6 52. Nh2 Kh5 53. exd5 exd5 54. Ke3 Kg5 55. Kd3 Kf5 56. Kc3 Ke4 57. Nxg4
Kf3 58. Nf6 Kxg3 59. Nxd5 Kf3 60. Nf6 Kf4 61. Kc4 Kf5 62. Kd5 Kf4 63. Kd6
Kf5 64. Ke7 Kg6 65. d5 Kg7 66. d6 Kh8 67. d7 Kg7 68. d8=Q Kg6 69. Qd4 Kf5
70. Qe4+ Kg5 71. Qg4+ Kh6 72. Qh5+ Kg7 73. Qh7# {Black checkmated} 1-0

[Event "ICC tourney 2149 (70 10)"]
[Site "Internet Chess Club"]
[Date "2020.11.21"]
[Round "2"]
[White "MrPenguino26"]
[Black "EmmiDM"]
[Result "1/2-1/2"]
[ICCResult "Game drawn by mutual agreement"]
[WhiteElo "1317"]
[BlackElo "1464"]
[Opening "Queen's pawn game"]
[ECO "A46"]
[NIC "QP.05"]
[Time "16:02:48"]
[TimeControl "4200+10"]

1. d4 Nf6 2. Nf3 e6 3. Bf4 d5 4. e3 Be7 5. h3 Nbd7 6. Nbd2 c5 7. c3 Nf8 8.
Ne5 Ng6 9. Bb5+ Bd7 10. Nxd7 Nxd7 11. Bh2 O-O 12. O-O Nf6 13. Bd3 cxd4 14.
exd4 Bd6 15. f4 Qc7 16. Qf3 Nh4 17. Qf2 Nf5 18. g3 Rab8 19. Rfe1 b5 20. a3
a5 21. Rac1 Rb7 22. Nf3 Qb8 23. Qc2 g6 24. b4 axb4 25. axb4 Rc8 26. Qd2 Kg7
27. Ra1 Qc7 28. Ra3 Qc6 29. Qe2 Rbc7 30. g4 Ne7 31. Bxb5 Qb7 32. Rea1 Rxc3
33. Ra7 Rc1+ 34. Kg2 R8c2 35. Rxb7 Rxe2+ 36. Bxe2 Rxa1 37. b5 Ra2 38. Kf2
Ne4+ 39. Ke3 Ra3+ 40. Bd3 h5 41. b6 Rb3 42. Nd2 Nxd2 43. Kxd2 Nc8 44. Be2
Rxb6 45. Rxb6 Nxb6 46. gxh5 gxh5 47. Bxh5 f6 48. Bg4 Kf7 49. h4 Nd7 50. f5
Bb4+ 51. Ke3 exf5 52. Bxf5 Nf8 53. h5 Ne6 54. h6 Bf8 55. h7 Bg7 56. Bf4 Nxf4
57. Kxf4 Bh6+ 58. Kf3 Kg7 59. Ke2 Bc1 60. Kd3 Bb2 61. Ke3 Bc3 62. Kd3 Bb2
{Game drawn by mutual agreement}
1/2-1/2

[Event "ICC tourney 2149 (70 10)"]
[Site "Internet Chess Club"]
[Date "2020.11.21"]
[Round "3"]
[White "AdityaBang"]
[Black "Coolkido"]
[Result "1-0"]
[ICCResult "Black checkmated"]
[WhiteElo "1395"]
[BlackElo "926"]
[Opening "Giuoco Piano"]
[ECO "C50"]
[NIC "IG.02"]
[Time "19:34:38"]
[TimeControl "4200+10"]

1. e4 e5 2. Nf3 Nc6 3. Bc4 Bc5 4. O-O Nf6 5. d4 Nxd4 6. Nxe5 O-O 7. Be3 Ne6
8. Bxe6 Bxe3 9. Bxf7+ Rxf7 10. Nxf7 Kxf7 11. fxe3 Kg8 12. Nc3 d6 13. e5 Ne8
14. exd6 Nxd6 15. Qd5+ Kh8 16. Rad1 Bg4 17. Rd4 Bd7 18. Qh5 Qe7 19. e4 b6
20. Nd5 Qd8 21. e5 Nb5 22. Rh4 h6 23. Qg6 Be8 24. Rf8# {Black checkmated}
1-0

[Event "ICC tourney 2149 (70 10)"]
[Site "Internet Chess Club"]
[Date "2020.11.21"]
[Round "3"]
[White "LegacyCreator"]
[Black "Rakib-Hasan"]
[Result "1-0"]
[ICCResult "Black resigns"]
[WhiteElo "1392"]
[BlackElo "1496"]
[Opening "English, 1...Nf6 (Anglo-Indian defense)"]
[ECO "A15"]
[NIC "EO.64"]
[Time "19:34:33"]
[TimeControl "4200+10"]

1. c4 Nf6 2. g3 e6 3. Nc3 Bb4 4. e3 O-O 5. Nge2 a6 6. Bg2 Nc6 7. O-O Rb8 8.
a3 Bc5 9. d4 Ba7 10. e4 e5 11. Bg5 Nxd4 12. Nxd4 Bxd4 13. Bxf6 Qxf6 14. Nd5
Qd6 15. Rb1 c6 16. Ne3 Qc5 17. b4 Qa7 18. Nf5 c5 19. Ne7+ Kh8 20. Bh3 Rd8
21. Qh5 g6 22. Qg5 Qb6 23. bxc5 f6 24. Nxg6+ hxg6 25. Qh6+ {Black resigns}
1-0

[Event "ICC tourney 2149 (70 10)"]
[Site "Internet Chess Club"]
[Date "2020.11.21"]
[Round "3"]
[White "jnkut"]
[Black "SGOLD9367"]
[Result "1-0"]
[ICCResult "Black resigns"]
[WhiteElo "1568"]
[BlackElo "1319"]
[Opening "Evans gambit: 5...Be7"]
[ECO "C51"]
[NIC "IG.05"]
[Time "19:34:41"]
[TimeControl "4200+10"]

1. e4 e5 2. Nf3 Nc6 3. Bc4 Bc5 4. b4 Bxb4 5. c3 Be7 6. Qb3 Nh6 7. d4 Na5 8.
Qa4 Nxc4 9. Qxc4 exd4 10. Bxh6 gxh6 11. cxd4 d6 12. Nc3 Be6 13. d5 Bd7 14.
Nb5 Bxb5 15. Qxb5+ Kf8 16. Qxb7 Bf6 17. Rb1 Bc3+ 18. Ke2 Kg7 19. Rhc1 Ba5
20. Kf1 Bb6 21. Qc6 Qe7 22. Qc3+ f6 23. Re1 a5 24. Nh4 Qe5 25. Nf5+ Kf8 26.
Qc6 Rd8 27. Rxb6 cxb6 28. Qc7 Rg8 29. Qxd8+ Kf7 30. Qd7+ Kf8 31. Qxd6+ Qxd6
32. Nxd6 Ke7 33. Nf5+ Kd7 34. Rc1 Re8 35. f3 {Black resigns} 1-0

[Event "ICC tourney 2149 (70 10)"]
[Site "Internet Chess Club"]
[Date "2020.11.21"]
[Round "3"]
[White "Draconian"]
[Black "hi321"]
[Result "1-0"]
[ICCResult "Black resigns"]
[WhiteElo "1580"]
[BlackElo "1423"]
[Opening "Giuoco Piano: Anderssen variation"]
[ECO "C54"]
[NIC "IG.02"]
[Time "19:34:16"]
[TimeControl "4200+10"]

1. e4 e5 2. Nf3 Nc6 3. Bc4 Bc5 4. c3 Nf6 5. d4 exd4 6. e5 d5 7. Bb5 Ne4 8.
cxd4 Bb4+ 9. Bd2 Bxd2+ 10. Nbxd2 Nxd2 11. Qxd2 Bd7 12. Bxc6 Bxc6 13. O-O O-O
14. a4 a5 15. Ra3 Qe7 16. Rc1 Qb4 17. Rcc3 Ra6 18. Qc2 Qe7 19. Rc5 Qd7 20.
Ng5 g6 21. Rh3 Bxa4 22. b3 Bc6 23. Nxh7 Rfa8 24. Nf6+ Kf8 25. Nxd7+ Bxd7 26.
Rh8+ Ke7 27. Rxa8 Rxa8 28. Rxc7 b5 29. Qc6 Rd8 30. Qd6+ Ke8 31. Qxd5
{Black resigns}
1-0

[Event "ICC tourney 2149 (70 10)"]
[Site "Internet Chess Club"]
[Date "2020.11.21"]
[Round "3"]
[White "saketsingh"]
[Black "ShriChess12"]
[Result "1/2-1/2"]
[ICCResult "Game drawn by mutual agreement"]
[WhiteElo "1553"]
[BlackElo "1441"]
[Opening "Four knights: Scotch, 4...exd4"]
[ECO "C47"]
[NIC "SO.03"]
[Time "19:34:27"]
[TimeControl "4200+10"]

1. e4 e5 2. Nf3 Nc6 3. Nc3 Nf6 4. d4 exd4 5. Nxd4 Bb4 6. Nxc6 bxc6 7. Bd3 d5
8. exd5 cxd5 9. O-O O-O 10. Bg5 Be6 11. Qf3 Be7 12. Rfe1 h6 13. Bh4 Rb8 14.
Rab1 c5 15. Bg3 Bd6 16. Bh4 Kh8 17. h3 c4 18. Be2 Re8
{Game drawn by mutual agreement}
1/2-1/2

[Event "ICC tourney 2149 (70 10)"]
[Site "Internet Chess Club"]
[Date "2020.11.21"]
[Round "3"]
[White "srguy55"]
[Black "Futurebus"]
[Result "0-1"]
[ICCResult "White resigns"]
[WhiteElo "1335"]
[BlackElo "1535"]
[Opening "Sicilian defense"]
[ECO "B30"]
[NIC "SI.31"]
[Time "19:34:35"]
[TimeControl "4200+10"]

1. e4 c5 2. Nf3 Nc6 3. Nc3 g6 4. Bc4 Bg7 5. d3 e6 6. O-O Nge7 7. Be3 d5 8.
exd5 exd5 9. Bb5 d4 10. Bg5 f6 11. Bh4 dxc3 12. bxc3 O-O 13. d4 cxd4 14.
cxd4 Bg4 15. c3 a6 16. Bc4+ Kh8 17. h3 Bxf3 18. Qxf3 b5 19. Bb3 b4 20. Rad1
bxc3 21. Qxc3 Rc8 22. d5 Ne5 23. Qe3 Nf5 24. Qf4 Nxh4 25. Qxh4 Qd6 26. f4
Nf7 27. Qf2 Rfd8 28. g3 Qc5 29. h4 Qxf2+ 30. Kxf2 Nd6 31. Rh1 f5 32. h5 Ne4+
33. Kg2 Rc3 34. hxg6 Rxg3+ 35. Kf1 Rxg6 36. Ke1 Bc3+ 37. Ke2 Ng3+
{White resigns}
0-1

[Event "ICC tourney 2149 (70 10)"]
[Site "Internet Chess Club"]
[Date "2020.11.21"]
[Round "3"]
[White "ChalsparoV"]
[Black "miles42"]
[Result "1-0"]
[ICCResult "Black checkmated"]
[WhiteElo "1567"]
[BlackElo "1285"]
[Opening "Queen's bishop game"]
[ECO "D02"]
[NIC "QP.08"]
[Time "19:34:37"]
[TimeControl "4200+10"]

1. d4 d5 2. Nf3 Nf6 3. Bf4 Bg4 4. Nbd2 e6 5. e3 Nbd7 6. c4 c6 7. Qb3 Qb6 8.
c5 Qxb3 9. axb3 Be7 10. h3 Bh5 11. b4 O-O 12. Bd3 b6 13. Ba6 b5 14. Bb7 h6
15. Bxa8 Rxa8 16. Ra6 Bxf3 17. Nxf3 g5 18. Bh2 Ne4 19. Ke2 f5 20. Rha1 Rd8
21. Rxc6 Kf7 22. Rxa7 Ndf6 23. Ne5+ Ke8 24. Rxe6 Ng8 25. Rb6 Bf6 26. f3 Bxe5
27. Bxe5 Nxc5 28. bxc5 Ne7 29. Rxe7+ Kf8 30. Reb7 Re8 31. Rf6+ Kg8 32. Rg6+
Kf8 33. Rxh6 Rxe5 34. Rh8# {Black checkmated} 1-0

[Event "ICC tourney 2149 (70 10)"]
[Site "Internet Chess Club"]
[Date "2020.11.21"]
[Round "3"]
[White "WaSabi5829"]
[Black "yugsshah"]
[Result "1-0"]
[ICCResult "Black checkmated"]
[WhiteElo "1429"]
[BlackElo "1211"]
[Opening "English: Mikenas-Carls, Kevitz variation"]
[ECO "A18"]
[NIC "EO.64"]
[Time "19:34:14"]
[TimeControl "4200+10"]

1. c4 Nf6 2. Nc3 e6 3. e4 Nc6 4. d3 Bb4 5. Ne2 Ng4 6. h3 Nf6 7. a3 Bc5 8. b4
Bd4 9. Nxd4 Nxd4 10. Ne2 Nxe2 11. Bxe2 O-O 12. O-O d5 13. e5 Nd7 14. d4 dxc4
15. Bxc4 Nb6 16. Bd3 Kh8 17. Be3 Nd5 18. Bd2 Qh4 19. Be3 Nxe3 20. fxe3 Qg5
21. Qe2 Bd7 22. Rf4 Bc6 23. Rg4 Qh6 24. Rf1 f5 25. exf6 Rxf6 26. Rxf6 gxf6
27. Qf2 f5 28. Rg3 Rg8 29. Rxg8+ Kxg8 30. Qg3+ Qg7 31. Qf2 Bd5 32. Kh2 Kf7
33. e4 Bc6 34. exf5 Qf6 35. fxe6+ Kxe6 36. Qxf6+ Kxf6 37. Bxh7 Ke6 38. g4
Kd5 39. g5 Kxd4 40. Bb1 Ke5 41. Kg3 Ke6 42. h4 Kf7 43. Kf4 Be8 44. g6+ Kg7
45. Kg5 b6 46. h5 c5 47. h6+ Kg8 48. Kf6 Bxg6 49. Bxg6 c4 50. b5 c3 51. a4
Kh8 52. Kf7 c2 53. Bxc2 a5 54. bxa6 b5 55. a7 bxa4 56. a8=Q# {Black
checkmated} 1-0

[Event "ICC tourney 2149 (70 10)"]
[Site "Internet Chess Club"]
[Date "2020.11.21"]
[Round "3"]
[White "GiganticCell"]
[Black "Knighthhhh"]
[Result "0-1"]
[ICCResult "White checkmated"]
[WhiteElo "1369"]
[BlackElo "1125"]
[Opening "two knights: Max Lange attack"]
[ECO "C50"]
[NIC "IG.02"]
[Time "19:34:28"]
[TimeControl "4200+10"]

1. e4 e5 2. Nf3 Nc6 3. Bc4 Bc5 4. O-O Nf6 5. d4 exd4 6. e5 d5 7. exf6 dxc4
8. fxg7 Rg8 9. Re1+ Be7 10. Bg5 Rxg7 11. Bxe7 Nxe7 12. Nxd4 c5 13. Nf3 Qxd1
14. Rxd1 Bh3 15. g3 Bg4 16. Kg2 Nc6 17. Re1+ Kf8 18. Nc3 Bxf3+ 19. Kxf3 Nd4+
20. Kg2 Nxc2 21. Rac1 Nxe1+ 22. Rxe1 Re8 23. Rc1 Rg6 24. Na4 Ra6 25. Nxc5
Rxa2 26. Nxb7 Rxb2 27. Nd6 Ree2 28. Rf1 c3 29. Nc4 Rb4 30. Ne3 c2 31. Rc1
Rb1 32. Rxc2 Rxc2 33. Nxc2 Rc1 34. Nb4 a5 35. Na2 Rc2 36. Nc3 Rxc3 37. Kh3
a4 38. f4 a3 39. f5 a2 40. f6 a1=Q 41. Kh4 Rc4+ 42. g4 Qxf6+ 43. Kg3 Rc2 44.
Kh3 Qf4 45. g5 Rxh2# {White checkmated} 0-1

[Event "ICC tourney 2149 (70 10)"]
[Site "Internet Chess Club"]
[Date "2020.11.21"]
[Round "3"]
[White "karthikp"]
[Black "delennkier"]
[Result "0-1"]
[ICCResult "White resigns"]
[WhiteElo "1384"]
[BlackElo "1348"]
[Opening "Giuoco Pianissimo"]
[ECO "C50"]
[NIC "IG.02"]
[Time "19:34:22"]
[TimeControl "4200+10"]

1. e4 e5 2. Nf3 Nc6 3. Bc4 Bc5 4. d3 d6 5. h3 Nf6 6. O-O Bd7 7. Nc3 h6 8.
Re1 O-O 9. a3 Nd4 10. Na4 Bxa4 11. b3 Bc6 12. a4 Re8 13. c3 Nxf3+ 14. Qxf3
a6 15. b4 Ba7 16. b5 axb5 17. axb5 Bd7 18. Re2 Bxf2+ 19. Rxf2 Rxa1 20. Rf1
Rxc1 21. Rxc1 Be6 22. Ra1 Bxc4 23. dxc4 c6 24. Qd3 Qb6+ 25. Kf1 Rd8 26. Ke2
d5 27. cxd5 cxd5 28. Rd1 Nxe4 29. Rf1 Qc5 30. Qf3 Nxc3+ 31. Ke1 Rf8 32. b6
e4 {White resigns} 0-1

[Event "ICC tourney 2149 (70 10)"]
[Site "Internet Chess Club"]
[Date "2020.11.21"]
[Round "3"]
[White "smashattack"]
[Black "chessmonk"]
[Result "1/2-1/2"]
[ICCResult "Game drawn by repetition"]
[WhiteElo "1466"]
[BlackElo "1360"]
[Opening "King's Indian: orthodox, Aronin-Taimanov variation (Yugoslav attack / Mar del Plata variation)"]
[ECO "E97"]
[NIC "KI.19"]
[Time "19:34:45"]
[TimeControl "4200+10"]

1. d4 Nf6 2. c4 g6 3. Nc3 Bg7 4. e4 d6 5. Nf3 O-O 6. Be2 Nc6 7. O-O e5 8.
dxe5 dxe5 9. a3 Nh5 10. Bg5 f6 11. Be3 f5 12. Bc5 Rf7 13. Qxd8+ Nxd8 14.
Rad1 Be6 15. Ng5 Nf4 16. Nxf7 Nxf7 17. exf5 gxf5 18. b3 e4 19. Bd4 Ne5 20.
Be3 Ned3 21. Bxd3 Nxd3 22. Ne2 Be5 23. f3 Rf8 24. fxe4 fxe4 25. Rxf8+ Kxf8
26. Rf1+ Ke7 27. Nf4 Nxf4 28. Bxf4 Bd4+ 29. Kh1 c6 30. Re1 Bf5 31. g4 Bg6
32. Kg2 Ke6 33. h4 Bc3 34. Re2 h5 35. gxh5 Bxh5 36. Re3 Kf5 37. Bg5 Bd2 38.
Rg3 Be1 39. Rh3 Bf3+ 40. Kf1 Bc3 41. Be3 Be5 42. Kf2 Kg4 43. Rxf3 exf3 44.
Bg5 Bg3+ 45. Ke3 Bxh4 46. Bxh4 Kxh4 47. Kxf3 Kg5 48. Ke4 Kf6 49. Kd4 Ke6 50.
Kc5 Ke5 51. a4 Ke6 52. a5 Kd7 53. b4 Kc7 54. Kd4 Kd6 55. Kd3 c5 56. b5 b6
57. a6 Ke5 58. Ke3 Kf5 59. Kf3 Ke5 60. Ke3 Kf5 61. Kf3 Ke5 62. Ke3 Kf5 63.
Kf3 {Game drawn by repetition} 1/2-1/2

[Event "ICC tourney 2149 (70 10)"]
[Site "Internet Chess Club"]
[Date "2020.11.21"]
[Round "3"]
[White "ranu540"]
[Black "Queen4aKing"]
[Result "1-0"]
[ICCResult "Black resigns"]
[WhiteElo "1360"]
[BlackElo "1493"]
[Opening "Petrov: classical attack"]
[ECO "C42"]
[NIC "RG.04"]
[Time "19:34:17"]
[TimeControl "4200+10"]

1. e4 e5 2. Nf3 Nf6 3. Nxe5 d6 4. Nf3 Nxe4 5. d4 d5 6. Nbd2 Bg4 7. h3 Bh5 8.
Be2 Nf6 9. O-O Be7 10. c4 c6 11. cxd5 cxd5 12. Nb3 Nc6 13. Ne5 Bxe2 14. Qxe2
O-O 15. Re1 Bb4 16. Bd2 Bxd2 17. Qxd2 Re8 18. Rac1 Ne4 19. Qf4 Nxe5 20. dxe5
Qe7 21. f3 Ng5 22. Nc5 b6 23. Na4 Ne6 24. Qd2 Rad8 25. Nc3 d4 26. Nb5 Rc8
27. Nxd4 Rxc1 28. Rxc1 g6 29. Nc6 Qb7 30. b4 Kg7 31. Kf2 b5 32. Qe3 Rc8 33.
Qe4 Nd8 34. e6 Nxc6 35. e7 Nxe7 36. Qxb7 Rxc1 37. Qxe7 {Black resigns} 1-0

[Event "ICC tourney 2149 (70 10)"]
[Site "Internet Chess Club"]
[Date "2020.11.21"]
[Round "3"]
[White "ClashofKings"]
[Black "BL1867"]
[Result "1-0"]
[ICCResult "Black resigns"]
[WhiteElo "1570"]
[BlackElo "1389"]
[Opening "Philidor's defense"]
[ECO "C41"]
[NIC "KP.08"]
[Time "19:34:33"]
[TimeControl "4200+10"]

1. e4 e5 2. Nf3 d6 3. d4 Bg4 4. dxe5 Bxf3 5. gxf3 Nc6 6. exd6 Qxd6 7. Qxd6
Bxd6 8. Be3 Be5 9. Nc3 Bxc3+ 10. bxc3 O-O-O 11. Bh3+ Kb8 12. f4 Nf6 13. f3
b6 14. Ke2 Na5 15. Rad1 Nc4 16. Rhg1 Nxe3 17. Kxe3 g6 18. Rd3 Rde8 19. Rgd1
Nh5 20. Rd7 f5 21. e5 Re6 22. Rf7 Rc6 23. Rd3 Rc4 24. Bxf5 Nxf4 25. Rd4 Rxd4
26. cxd4 Nd5+ 27. Ke4 Nc3+ 28. Kd3 Nxa2 29. Be4 Nb4+ 30. Kc4 a5 31. e6 Kc8
32. e7 Kd7 33. Rf8 {Black resigns} 1-0

[Event "ICC tourney 2149 (70 10)"]
[Site "Internet Chess Club"]
[Date "2020.11.21"]
[Round "3"]
[White "MrPenguino26"]
[Black "kd9junior"]
[Result "1-0"]
[ICCResult "Black checkmated"]
[WhiteElo "1396"]
[BlackElo "1451"]
[Opening "Queen's pawn game"]
[ECO "A46"]
[NIC "QP.05"]
[Time "19:34:20"]
[TimeControl "4200+10"]

1. d4 Nf6 2. Nf3 e6 3. Bf4 d5 4. e3 c5 5. c3 Nbd7 6. Nbd2 Be7 7. Bd3 O-O 8.
h3 c4 9. Bc2 b5 10. b4 a5 11. a3 Nb6 12. Ne5 Bb7 13. Ng4 axb4 14. Nxf6+ Bxf6
15. axb4 Rxa1 16. Qxa1 Qa8 17. O-O Qb8 18. Bxb8 Rxb8 19. Qa7 Nd7 20. e4 Bg5
21. f4 Bd8 22. exd5 Bb6 23. Qa1 Bxd5 24. Be4 Nf6 25. Bxd5 Nxd5 26. Rf3 g6
27. Ne4 Kg7 28. Nc5 Bc7 29. Qa7 Rb6 30. Nd7 Rd6 31. Ne5 f6 32. Ng4 Rd7 33.
Qa6 Bb6 34. Qxb5 Re7 35. Qxc4 h5 36. Nf2 Kf7 37. Qb5 Bc7 38. c4 Nxf4 39.
Rxf4 Bxf4 40. c5 f5 41. Qa6 e5 42. dxe5 Bxe5 43. c6 Bc7 44. Kf1 Bd8 45. b5
Kg7 46. b6 Kh7 47. c7 Bxc7 48. bxc7 Rxc7 49. Nd3 h4 50. Nf4 g5 51. Qg6+ Kh8
52. Qf6+ Kg8 53. Qxg5+ Rg7 54. Qd8+ Kh7 55. Qxh4+ Kg8 56. Ne6 Kf7 57. Nxg7
f4 58. Qxf4+ Kxg7 59. g4 Kg6 60. Qf5+ Kg7 61. Qe6 Kh7 62. Qf6 Kg8 63. Qe7
Kh8 64. g5 Kg8 65. g6 Kh8 66. Qh7# {Black checkmated} 1-0

[Event "ICC tourney 2149 (70 10)"]
[Site "Internet Chess Club"]
[Date "2020.11.21"]
[Round "3"]
[White "jalenwang"]
[Black "beans123"]
[Result "0-1"]
[ICCResult "White checkmated"]
[WhiteElo "1324"]
[BlackElo "1384"]
[Opening "English: Caro-Kann defensive system"]
[ECO "A11"]
[NIC "EO.64"]
[Time "19:34:20"]
[TimeControl "4200+10"]

1. c4 c6 2. g3 d5 3. cxd5 cxd5 4. Bg2 Nf6 5. e3 Nc6 6. Nf3 Bg4 7. d4 e6 8.
Nc3 Bb4 9. Bd2 O-O 10. a3 Bxc3 11. Bxc3 Ne4 12. Rc1 Nxc3 13. Rxc3 Qb6 14.
Qc2 Bf5 15. Qd2 Na5 16. Ne5 Qd6 17. Qc1 f6 18. Nf3 Nc4 19. Nd2 b5 20. b3
Nxa3 21. Rc6 Qb4 22. Ra6 Nb1 23. Ra1 Rfc8 24. Qb2 Rc2 25. Qxb1 Qxd2+ 26. Kf1
Qxf2# {White checkmated} 0-1

[Event "ICC tourney 2149 (70 10)"]
[Site "Internet Chess Club"]
[Date "2020.11.21"]
[Round "3"]
[White "MinnArkie"]
[Black "ColdSpringAZ"]
[Result "0-1"]
[ICCResult "White resigns"]
[WhiteElo "1483"]
[BlackElo "1470"]
[Opening "Sicilian: closed"]
[ECO "B23"]
[NIC "SI.44"]
[Time "19:34:28"]
[TimeControl "4200+10"]

1. e4 c5 2. Nc3 d6 3. f4 Nc6 4. Nf3 Nf6 5. Bc4 e6 6. O-O Be7 7. e5 dxe5 8.
fxe5 Nxe5 9. Bb5+ Ned7 10. d4 cxd4 11. Qxd4 O-O 12. Kh1 a6 13. Bd3 b5 14.
Ng5 Bb7 15. Qh4 h6 16. Nce4 Nxe4 17. Bxe4 Bxe4 18. Rxf7 Rxf7 19. Nxf7 Bxh4
20. Nxd8 Rxd8 21. Bf4 Bf6 {White resigns} 0-1

[Event "ICC tourney 2149 (70 10)"]
[Site "Internet Chess Club"]
[Date "2020.11.21"]
[Round "3"]
[White "Kingdude"]
[Black "lwidjaja"]
[Result "0-1"]
[ICCResult "White resigns"]
[WhiteElo "1018"]
[BlackElo "1395"]
[Opening "QGD: exchange, positional line"]
[ECO "D35"]
[NIC "QO.16"]
[Time "19:34:42"]
[TimeControl "4200+10"]

1. d4 d5 2. c4 e6 3. Nc3 Nf6 4. cxd5 exd5 5. Bg5 Be7 6. Qc2 h6 7. Bh4 Nbd7
8. e3 O-O 9. Bd3 c6 10. Nge2 Re8 11. O-O Ne4 12. Bxe7 Qxe7 13. Nxe4 dxe4 14.
Bc4 Nf6 15. h3 a5 16. a3 Bd7 17. Nc3 Rec8 18. Rad1 b5 19. Ba2 b4 20. axb4
axb4 21. Na4 c5 22. Bxf7+ Qxf7 23. Nb6 b3 24. Qc1 c4 25. Nxa8 Rxa8 26. Rfe1
Bb5 27. Qb1 Qe6 28. Rd2 Nd5 29. f3 exf3 30. gxf3 Qxh3 31. Qe4 Qg3+ 32. Kf1
c3+ 33. Rde2 Bxe2+ 34. Rxe2 Ra1+ {White resigns} 0-1

[Event "ICC tourney 2149 (70 10)"]
[Site "Internet Chess Club"]
[Date "2020.11.21"]
[Round "3"]
[White "Davide25"]
[Black "hydroflares"]
[Result "1-0"]
[ICCResult "Black checkmated"]
[WhiteElo "1320"]
[BlackElo "1484"]
[Opening "QGD: 4.Bg5"]
[ECO "D50"]
[NIC "QO.16"]
[Time "19:34:40"]
[TimeControl "4200+10"]

1. d4 d5 2. c4 e6 3. Nc3 Nf6 4. Bg5 c6 5. e3 Be7 6. Nf3 O-O 7. Bd3 Nbd7 8.
O-O dxc4 9. Bxc4 Nb6 10. Bd3 Nfd5 11. Bxe7 Qxe7 12. Rc1 Rd8 13. a3 Nxc3 14.
Rxc3 f6 15. Qb1 Nd7 16. Bxh7+ Kh8 17. Bd3 e5 18. Rfc1 exd4 19. Nxd4 Nb6 20.
b4 Nd5 21. Rc5 Nxe3 22. Rh5+ Kg8 23. fxe3 Qxe3+ 24. Kh1 Rxd4 25. Bc4+ Rxc4
26. Rxc4 Be6 27. Re4 Qb3 28. Qxb3 Bxb3 29. Re7 Rb8 30. Rh3 Bd5 31. Rhe3 Kf8
32. Kg1 a6 33. Rc7 b5 34. Ree7 Re8 35. Rxe8+ Kxe8 36. Rxg7 Kf8 37. Ra7 f5
38. Kf2 Be4 39. g3 Bd5 40. Ke3 Be4 41. Kf4 Kg8 42. g4 Bd3 43. gxf5 Bc4 44.
Kg5 Bd5 45. Kg6 Kf8 46. f6 Be4+ 47. Kg5 Bd5 48. h4 Bf7 49. Ra8+ Be8 50. h5
Kf7 51. Ra7+ Ke6 52. Re7+ Kd5 53. Rxe8 c5 54. bxc5 Kxc5 55. f7 Kc4 56. f8=Q
a5 57. Qd6 b4 58. axb4 axb4 59. Re4+ Kc3 60. Qxb4+ Kc2 61. Qa3 Kd2 62. Rh4
Kc2 63. Rh2+ Kb1 64. Qb2# {Black checkmated} 1-0

[Event "ICC tourney 2149 (70 10)"]
[Site "Internet Chess Club"]
[Date "2020.11.21"]
[Round "3"]
[White "MonoDubs"]
[Black "akhilkakarla"]
[Result "1-0"]
[ICCResult "Black resigns"]
[WhiteElo "1426"]
[BlackElo "1134"]
[Opening "King's pawn game"]
[ECO "C50"]
[NIC "IG.03"]
[Time "19:35:42"]
[TimeControl "4200+10"]

1. e4 e5 2. Nf3 Nc6 3. Bc4 Nd4 4. Nxd4 exd4 5. d3 Nf6 6. Bg5 Be7 7. O-O O-O
8. c3 dxc3 9. bxc3 d6 10. h3 h6 11. Bh4 Bd7 12. Qb3 b6 13. Nd2 a5 14. a4 Qc8
15. Rae1 Qe8 16. Bb5 Bxb5 17. axb5 a4 18. Qc4 Qd7 19. Ra1 a3 20. Bxf6 Bxf6
21. d4 Rfd8 22. Qb3 Ra5 23. Rfb1 Rda8 24. Nc4 R5a7 25. Rxa3 Rxa3 26. Nxa3
Qe7 27. Re1 d5 28. Nc2 dxe4 29. f3 Bh4 30. Rxe4 Qg5 31. Qb2 Qd2 32. Rxh4
Qd1+ 33. Kh2 Re8 34. Re4 Rxe4 35. fxe4 Qe2 36. e5 Qe4 37. Qc1 Qd3 38. Nb4
Qxb5 39. Qf4 Qc4 40. Qf3 c5 41. dxc5 Qxc5 42. Qa8+ Kh7 43. Qe4+ g6 44. Qd4
Qxd4 45. cxd4 Kg7 46. Nd5 b5 47. g4 Kf8 48. Kg2 Ke8 49. Nc7+ Kd7 50. Nxb5
Ke6 51. Kf3 Kd5 52. Ke3 Ke6 53. Ke4 {Black resigns} 1-0

[Event "ICC tourney 2149 (70 10)"]
[Site "Internet Chess Club"]
[Date "2020.11.21"]
[Round "3"]
[White "venkataralla"]
[Black "ANCA0053"]
[Result "1-0"]
[ICCResult "Black resigns"]
[WhiteElo "1456"]
[BlackElo "1191"]
[Opening "QGD: exchange, positional line, 5...c6"]
[ECO "D35"]
[NIC "QO.16"]
[Time "19:34:49"]
[TimeControl "4200+10"]

1. d4 Nf6 2. c4 e6 3. Nc3 d5 4. cxd5 exd5 5. Bg5 c6 6. e3 Bd6 7. Bd3 O-O 8.
Nge2 Nbd7 9. O-O h6 10. Bh4 Be7 11. f3 Nh5 12. Bxe7 Qxe7 13. e4 dxe4 14.
fxe4 Nhf6 15. Bc2 c5 16. e5 Ne8 17. Qd3 g6 18. Bb3 Kg7 19. e6 fxe6 20. Nf4
Rxf4 21. Rxf4 Nef6 22. Bc2 Nf8 23. Raf1 Bd7 24. Rxf6 Qxf6 25. Rxf6 Kxf6 26.
dxc5 Bc6 27. Ne4+ Kg7 28. Qd4+ Kf7 29. Qf6+ Ke8 30. Nd6+ Kd7 31. Qf7+
{Black resigns}
1-0